 Dungeon Crawl Stone Soup version 0.27-a0-1196-g3e9cee4cb2 (console) character file.

Game seed: 12980278204044199290

417 Hector the Chopper (level 6, -1/53 HPs)
             Began as a Hill Orc Abyssal Knight on May 28, 2021.
             Was a Believer of Lugonu.
             Slain by a gnoll sergeant
             ... wielding a +0 trident
              (15 damage)
             ... on level 4 of the Dungeon.
             The game lasted 00:12:35 (6577 turns).

Hector the Chopper (Hill Orc Abyssal Knight)        Turns: 6577, Time: 00:12:35

Health: -1/53      AC:  4    Str: 17    XL:     6   Next: 93%
Magic:  9/9        EV: 11    Int: 12    God:    Lugonu [**....]
Gold:   137        SH:  5    Dex: 10    Spells: 5/5 levels left

rFire    . . .     SeeInvis .   a - +0 war axe
rCold    . . .     Faith    +   i - +1 buckler {rPois}
rNeg     + . .     Spirit   .   b - +0 leather armour
rPois    +         Reflect  .   h - +0 helmet
rElec    .         Harm     .   (no cloak)
rCorr    .         Rampage  .   (no gloves)
Will     .....                  (no boots)
Stlth    +.........             u - amulet of faith
HPRegen  0.17/turn              e - ring of positive energy
MPRegen  0.11/turn              v - ring of flight

@: flying
A: no striking features
a: Renounce Religion, Depart the Abyss, Bend Space


You were on level 4 of the Dungeon.
You worshipped Lugonu.
Lugonu was pleased with you.
You visited 1 branch of the dungeon, and saw 4 of its levels.
You visited the Abyss 1 time.

You collected 137 gold pieces.

Inventory:

Hand Weapons
 a - a +0 war axe (weapon)
 l - a +2 dagger of electrocution
 n - a +0 spear
 t - a +1 hand axe
Missiles
 f - 28 poisoned darts
 j - 7 boomerangs (quivered)
Armour
 b - a +0 leather armour (worn)
 h - a +0 helmet (worn)
 i - a +1 buckler of poison resistance (worn)
Jewellery
 e - a ring of positive energy (left hand)
 m - an amulet of magic regeneration
 u - an amulet of faith (around neck)
 v - a ring of flight (right hand)
 x - a ring of positive energy
Wands
 y - a wand of iceblast (8)
Scrolls
 c - 3 scrolls of magic mapping {unknown}
 d - a scroll of immolation {unknown}
 g - a scroll of enchant weapon {unknown}
 o - 4 scrolls of teleportation {unknown}
 p - 5 scrolls of identify {unknown}
Potions
 k - a potion of berserk rage {unknown}
 q - 2 potions of resistance {unknown}
 r - a potion of mutation {unknown}
 s - a potion of degeneration {unknown}
 w - a potion of attraction {unknown}


   Skills:
 + Level 4.7 Fighting
 * Level 6.7 Axes
 * Level 3.0 Armour
 + Level 1.4 Dodging
 * Level 2.1 Shields
 * Level 4.1 Invocations


You had 5 spell levels left.
You didn't know any spells.
Your spell library was empty.

Dungeon Overview and Level Annotations

Branches:
Dungeon (4/15)
 Temple: D:4-7

Altars:


Message History

The gnoll hits you with a +0 spear.
You closely miss the gnoll.
The gnoll is almost dead.
The gnoll hits you with a +0 spear. x2
You are too injured to fight recklessly!
You are too injured to fight recklessly!
You are too injured to fight recklessly!
You are too injured to fight recklessly!
You closely miss the gnoll.
The gnoll is almost dead.
The gnoll hits you with a +0 spear.
You barely miss the gnoll.
The gnoll is almost dead.
The gnoll barely misses you.
You slash the gnoll!
You kill the gnoll!
Lugonu accepts your kill.
You see here a +0 spear.
A gnoll sergeant is nearby!
The gnoll sergeant shouts!
There is an open door here.
A gnoll comes into view. It is wielding a +0 flail.
The gnoll shouts!
You hear a shout!
Your shield prevents you from hitting the gnoll.
The gnoll closely misses you.
You barely miss the gnoll. The gnoll barely misses you.
You hit the gnoll.
The gnoll is lightly wounded.
You block the gnoll's attack.
You closely miss the gnoll.
The gnoll is lightly wounded.
The gnoll hits you with a +0 flail.
The gnoll sergeant hits you from afar with a +0 trident!
* * * LOW HITPOINT WARNING * * *
You block the gnoll's attack.
You slash the gnoll!
You kill the gnoll!
Lugonu accepts your kill.
The gnoll sergeant hits you from afar with a +0 trident!
You die...

* #...##.# * #...##.#
*###### * #...##.#
#...... * #.g.##.#
#...... ****
#####...##.# #......
,,,* #.......##.#
#...... ,,,*
#.########g# #......
,,,* #.# #.# #......
...####.########@#
#....(.
**#............#)#
#...... *
#.....###......#*
#..♣♣♣.
**#.###.#,#.##....#**
#..♣♣.♣
,..,,,##...#.#.....,*
#....♣.
##,,,#..#.##)#.#..#,*
#...♣.♣
*,,,*#,*##)#g#.#..#,*
#......
,,,,**,,*,,#..##..#,*
#......
,,**,,**,,*.##.*,,*,*
#...#..


You could see a gnoll sergeant.

Vanquished Creatures
  A wyvern zombie (D:3)
  A scorpion (D:4)
  A jelly (D:4)
  An iguana (D:3)
  Robin (D:3)
  9 gnolls
  6 adders
  A worm (D:4)
  5 dart slugs
  4 orcs
  4 bats
  5 endoplasms
  4 giant cockroaches
  15 goblins
  9 hobgoblins
  3 jackals (D:3)
  6 kobolds
  7 quokkas
  4 ball pythons
  3 rats
90 creatures vanquished.

Notes
Turn   | Place    | Note
-------+----------+-------------------------------------------
     0 | Abyss:1  | Hector the Hill Orc Abyssal Knight began the quest for the
                  | Orb.
     0 | Abyss:1  | Reached XP level 1. HP: 19/19 MP: 2/2
    30 | Abyss:1  | Noticed a tentacled starspawn
    31 | D:1      | Escaped the Abyss
   366 | D:1      | Reached XP level 2. HP: 27/27 MP: 3/3
   457 | D:1      | Reached * piety under Lugonu
   521 | D:1      | Reached skill level 3 in Axes
   954 | D:2      | Reached XP level 3. HP: 10/33 MP: 5/5
  2645 | D:3      | Reached skill level 4 in Axes
  2747 | D:3      | Reached skill level 1 in Shields
  2747 | D:3      | Reached XP level 4. HP: 5/41 MP: 6/6
  3627 | D:3      | Reached XP level 5. HP: 42/47 MP: 7/7
  3679 | D:3      | Noticed Robin
  3700 | D:3      | Killed Robin
  3701 | D:3      | Reached skill level 1 in Dodging
  3937 | D:3      | Reached skill level 5 in Axes
  4526 | D:3      | Reached ** piety under Lugonu
  4556 | D:3      | Reached XP level 6. HP: 50/53 MP: 8/8
  5251 | D:4      | HP: 2/53 [acid (6)]
  5676 | D:4      | Reached skill level 6 in Axes
  6577 | D:4      | Slain by a gnoll sergeant

Illustrated notes

Levels and vault maps discovered:
D:1:      amcnicky_arrival_wind_blow, layout_basic,
          amcnicky_mini_rare_corridor_liquid
D:2:      layout_basic, serial_co_window_serial, co_window_paths_a,
          co_window_paths_a, co_window_of_opportunity_a,
          co_window_of_opportunity_a, co_window_paths_a, co_window_broadway_b,
          co_window_2corner, co_window_2corner, co_window_cross_4,
          co_window_broadway_b, co_window_2corner, co_window_4corner_b,
          co_window_4corner_a, glass_columns_b, glass_columns_a,
          glass_columns_b, glass_columns_b, glass_columns_a
D:3:      layout_basic, uniq_robin
D:4:      layout_basic, chequers_garden, minmay_pentomino_pile

Skill      XL: |  1  2  3  4  5  6 |
---------------+-------------------+-----
Fighting       | 4 |  4.7
Axes           | 3 4 5 6 |  6.7
Shields        | 1 2 |  2.1
Invocations    | 3 4 |  4.1
Dodging        | 1 |  1.4
Armour         | 3 |  3.0

Action                   |  1- 3 |  4- 6 || total
-------------------------+-------+-------++-------
Melee: Hand axe          |    98 |   138 ||   236
       War axe           |       |    95 ||    95
Throw: Boomerang         |     2 |       ||     2
Invok: Depart the Abyss  |     1 |       ||     1
       Bend Space        |       |     1 ||     1
Armor: Leather armour    |    19 |    29 ||    48
Dodge: Dodged            |    52 |   116 ||   168
Block: Buckler           |    17 |    46 ||    63

Table legend: (Time is in decaauts)
 A = Elapsed time spent in this place.
 B = Non-inter-level travel time spent in this place.
 C = Inter-level travel time spent in this place.
 D = Time resting spent in this place.
 E = Time spent auto-exploring this place.
 F = Levels seen in this place.
 G = Mean time per level.
                   A        B        C        D        E       F      G
               +--------+--------+--------+--------+--------+-----+--------+
         Total |   6637 |   6292 |    345 |   1383 |   3880 |   5 | 1327.4 |
       Dungeon |   6606 |   6261 |    345 |   1383 |   3850 |   4 | 1651.5 |
         Abyss |     31 |     31 |      0 |      0 |     30 |   1 |   31.0 |
               +--------+--------+--------+--------+--------+-----+--------+

Top non-repeatable levels by time:
     D:3: 2758 daAuts
     D:2: 1847 daAuts
     D:4: 1235 daAuts
     D:1: 764 daAuts
 Abyss:1: 31 daAuts
